 Dungeon Crawl Stone Soup version 0.30.0-17-ge0270778cf (webtiles) character file.

Game seed: 4357636864346147656

60 NateTC the Shooter (level 3, -11/18 HPs)
             Began as a Spriggan Hunter on May 21, 2023.
             Was a Believer of Qazlal.
             Killed by divine providence
             ... invoked by an orc priest
              (15 damage)
             ... on level 2 of the Dungeon.
             The game lasted 00:02:54 (803 turns).

NateTC the Shooter (Spriggan Hunter)                 Turns: 803, Time: 00:02:54

Health: -11/18     AC:  2    Str:  7    XL:     3   Next: 80%
Magic:  4/4        EV: 18    Int: 10    God:    Qazlal [**....]
Gold:   98         SH:  2    Dex: 20    Spells: 2/2 levels left

rFire   . . .        a - +0 shortbow
rCold   . . .        (shield currently unavailable)
rNeg    . . .        c - +0 robe
rPois   .            (helmet restricted)
rElec   .            (no cloak)
rCorr   .            (gloves unavailable)
SInv    +            (boots unavailable)
Will    .....        (no amulet)
Stlth   ++           (no ring)
HPRegen 0.23/turn    (no ring)
MPRegen 0.09/turn

%: no passive effects
@: very quick
A: very small, no large weapons, unfitting armour, see invisible, speed 3
a: Renounce Religion, Upheaval


You were on level 2 of the Dungeon.
You worshipped Qazlal.
Qazlal was pleased with you.
You visited 1 branch of the dungeon, and saw 2 of its levels.

You collected 98 gold pieces.

Inventory:

Hand Weapons
 a - a +0 shortbow (weapon)
Armour
 c - a +0 robe (worn)
Jewellery
 k - an amulet of faith
Scrolls
 b - a scroll of immolation
 e - a scroll of brand weapon {unknown}
 j - a scroll of identify
Potions
 d - a potion of brilliance
 f - a potion of mutation
 g - a potion of attraction {unknown}
 h - a potion of curing {unknown}
 i - a potion of degeneration {unknown}
 l - a potion of flight {unknown}


   Skills:
 - Level 1.5 Fighting
 * Level 5.3 Ranged Weapons
 - Level 2.6 Dodging
 - Level 2.5 Stealth


You had 2 spell levels left.
You didn't know any spells.
Your spell library contained the following spells:

 Spells                   Type           Power      Damage    Failure   Level
 Stone Arrow              Conj/Erth      0%         3d7       75%         3
 Animate Armour           Summ/Erth      0%         N/A       98%         4
 Lehudib's Crystal Spear  Conj/Erth      0%         10d2      100%        8


Dungeon Overview and Level Annotations

Branches:
Dungeon (2/15) Zot: 11436

Altars:
Qazlal


Innate Abilities, Weirdness & Mutations

You are very small and have problems with some larger weapons.
You are too small for most types of armour.
You have supernaturally acute eyesight. (SInv)
You cover ground extremely quickly. (Speed+++)


Message History

* * * LOW HITPOINT WARNING * * *
You are too injured to fight recklessly!
You are too injured to fight recklessly!
You are too injured to fight recklessly!
You are too injured to fight recklessly!
You are too injured to fight recklessly!
There is an open door here.
You close the door.
Something unseen opens the door.
You start resting.
An orc is nearby!
You start resting.
An orc is nearby!
You shoot an arrow.
The arrow hits the orc but does no damage.
You shoot an arrow.
The arrow hits the orc but does no damage.
You shoot an arrow. The arrow closely misses the orc.
You shoot an arrow. The arrow hits the orc.
You kill the orc!
Qazlal accepts your kill.
No target in view!
You start resting.
HP restored.
Things that are here:
a +0 hand axe; a +0 ring mail; an orc corpse You shoot an arrow.
The arrow hits the orc priest.
The orc priest is moderately wounded.
The orc priest calls down the wrath of Beogh upon you.
Beogh smites you!
Ouch! That really hurt!
* * * LOW HITPOINT WARNING * * *
You are too injured to fight recklessly!
You are too injured to fight recklessly!
You are too injured to fight recklessly!
You are too injured to fight recklessly!
The orc priest mumbles some strange prayers to Beogh against you.
Beogh smites you!
Ouch! That really hurt!
You die...

#..~.##........#.#
#..~..#........#.#
#..~.............# #####
#.#≈###........#####.... #.#≈#
##.#.........'.... .# #.###
#.#.#########.... ..#######.#
#.....###........
........#.######.......#........
#..............@.......'........
>.........######.......#........
###.......### #.##.####........
#.....#...## #.##.# ##........
#####.#.#..###o#### #[....o...
#.#).......#### #######o##
#.#......°.....~...oo.#.## #
#.#.[..........~.. #oo.##
########.#............~.. ######


You could see an orc priest.

Vanquished Creatures
  An adder (D:2)
  A gnoll (D:1)
  3 dart slugs
  An orc (D:2)
  3 ball pythons
  A bat (D:1)
  8 endoplasms
  A giant cockroach (D:2)
  5 goblins
  2 hobgoblins (D:1)
  2 kobolds (D:2)
  A quokka (D:2)
  A rat (D:1)
30 creatures vanquished.

Notes
Turn   | Place    | Note
-------+----------+-------------------------------------------
     0 | D:1      | NateTC the Spriggan Hunter began the quest for the Orb.
     0 | D:1      | Reached XP level 1. HP: 10/10 MP: 2/2
    37 | D:1      | Reached XP level 2. HP: 14/14 MP: 3/3
   117 | D:1      | Found a faded altar of an unknown god.
   119 | D:1      | Prayed at the altar of an unknown god.
   119 | D:1      | Became a worshipper of Qazlal Stormbringer
   119 | D:1      | Reached * piety under Qazlal
   243 | D:1      | Reached XP level 3. HP: 18/18 MP: 4/4
   484 | D:2      | Reached skill level 5 in Ranged Weapons
   549 | D:2      | Reached ** piety under Qazlal
   803 | D:2      | Killed from afar by an orc priest

Illustrated notes

Levels and vault maps discovered:
D:1:      ncdulo_halloftheorcs, layout_rooms, shapermc_ecumenical_altar_venn
D:2:      layout_basic, serial_rivers, chequers_serial_rivers_marsh,
          chequers_serial_rivers_micro_a, chequers_serial_rivers_micro_a,
          chequers_serial_rivers_small_3, chequers_serial_rivers_micro_c,
          chequers_serial_rivers_micro_c

Skill      XL: |  1  2  3 |
---------------+----------+-----
Stealth        | 2 |  2.5
Ranged Weapons | 5 |  5.3
Fighting       | |  1.5
Dodging        | |  2.6

Action                     || total
---------------------------++-------
   Fire: Shortbow          ||    69
    Use: Scroll            ||     4
 Armour: Robe              ||     1
  Dodge: Dodged            ||     7
  Block: Other             ||     1
